Cogmind - Beta 12 @@@ ROGUE MODE // 2023.04.04 @ 20:10:10 Player: Whitebacon Result: Self-destructed Performance ------------- Evolutions (2) 1000 Regions Visited (5) 1000 Robots Destroyed (24) 120 Value Destroyed (845) 845 Prototype IDs (27) 540 Alien Tech Used (0) 0 Bonus (300) 300 TOTAL SCORE: 3805 Bonus ------- Aligned with FarCom 300 Cogmind --------- Core Integrity 519/550 Matter 300/300 Energy 160/160 System Corruption 0% Temperature Cool (0) Movement Rolling (145) Ox4 Location -8/Materials Parts ------- > --- POWER (1) -------- Light Nuclear Core > --- PROPULSION (2) --- Wheel Armored Wheel > --- UTILITY (5) ------ Huge Storage Unit Experimental Sensor Array Improved Signal Interpreter Light Armor Plating Hacking Suite > --- WEAPON (3) ------- AWS/Gauss Grenade Launcher > --- INVENTORY (25) --- Light Nuclear Core Light Nuclear Core Wheel Wheel Wheel High-capacity Matter Pod (200) PSU Rigger Guided Plasma Cannon Assault Rifle Assault Rifle Assault Rifle Assault Rifle Datajack Mining Laser Peak State ------------ > --- POWER ------------ Light Nuclear Core > --- PROPULSION ------- Wheel Armored Wheel > --- UTILITY ---------- Huge Storage Unit Experimental Sensor Array Improved Signal Interpreter Light Armor Plating Hacking Suite > --- WEAPON ----------- Guided Plasma Cannon AWS/Gauss > --- INVENTORY -------- Light Nuclear Core Aluminum Leg Wheel Wheel Wheel High-capacity Matter Pod PSU Rigger Assault Rifle Assault Rifle Assault Rifle Assault Rifle Grenade Launcher Datajack Mining Laser [Rating: 49] Favorites ----------- Power Light Ion Engine Engine Light Ion Engine Power Core Light Nuclear Core Propulsion Wheel Treads Light Treads Wheel Wheel Utility Huge Storage Unit Device Experimental Sensor Array Storage Huge Storage Unit Processor Improved Signal Interpreter Hackware Hacking Suite Protection Light Armor Plating Weapon Assault Rifle Energy Gun Particle Gun Energy Cannon Guided Plasma Cannon Ballistic Gun Assault Rifle Launcher Grenade Launcher Build | -11 -10 -10 -10 -9 -8 ------- Run | Jun Mat Min Exi Min Mat Slots Evolved 4 | . . . . . 4 Power . | . . . . . . Propulsion . | . . . . . . Utility 3 | . . . . . 3 Weapon 1 | . . . . . 1 Parts Attached 34 | 8 15 1 2 . 8 Power 5 | 1 3 . . . 1 Engine 4 | 1 3 . . . . Core 1 | . . . . . 1 Reactor . | . . . . . . Propulsion 11 | 4 4 . 1 . 2 Treads 3 | 2 1 . . . . Leg . | . . . . . . Wheel 8 | 2 3 . 1 . 2 Hover . | . . . . . . Flight . | . . . . . . Utility 7 | 1 2 1 . . 3 Device 2 | . 1 1 . . . Storage 2 | 1 1 . . . . Processor 1 | . . . . . 1 Hackware 1 | . . . . . 1 Protection 1 | . . . . . 1 Artifact . | . . . . . . Weapon 11 | 2 6 . 1 . 2 Energy Gun 1 | . 1 . . . . Energy Cannon 1 | . . . . . 1 Ballistic Gun 8 | 2 5 . 1 . . Ballistic Cannon . | . . . . . . Launcher 1 | . . . . . 1 Special Weapon . | . . . . . . Impact Weapon . | . . . . . . Slashing Weapon . | . . . . . . Piercing Weapon . | . . . . . . Special Melee Weapon . | . . . . . . Unidentified Prototypes 1 | . . 1 . . . Parts Lost 1 | . . . . . 1 Power . | . . . . . . Propulsion 1 | . . . . . 1 Utility . | . . . . . . Weapon . | . . . . . . Highest Loss Streak 1 | . . . . . 1 To Critical Strikes . | . . . . . . Average Slot Usage (%) 86 | . 88 93 78 85 84 Engine 12 | . 13 14 14 14 4 Treads 10 | . 18 . . . . Wheel 15 | . 9 28 28 28 17 Device 7 | . 4 7 14 14 9 Storage 13 | . 14 14 14 14 9 Processor 1 | . . . . . 8 Protection 1 | . . . . . 7 Energy Cannon 1 | . . . . . 7 Ballistic Gun 20 | . 27 28 7 14 9 Naked Turns . | . . . . . . Heaviest Build 109 | 11 88 88 94 94 109 Greatest Support 40 | 40 40 20 20 20 22 Greatest Overweight (x) 5 | . 4 4 4 4 5 Average Overweight (x) 2 | . 1 4 4 4 4 Largest Inventory Capacity 25 | 8 25 25 25 25 25 Average Capacity 18 | 7 13 25 25 25 25 Most Carried 16 | 4 9 13 16 14 15 Average Carried 8 | 2 5 10 13 14 13 Final Capacity 25 | 8 25 25 25 25 25 Final Carried 14 | 4 8 11 14 14 14 Class Distribution -------------------- 79% | Mutant 20% | Skirmisher Dominant Class ---------------- Mutant | -10/Materials Mutant | -10/Mines Mutant | -10/Exiles Skirmisher | -9/Mines Skirmisher | -8/Materials Resources | -11 -10 -10 -10 -9 -8 ----------- Run | Jun Mat Min Exi Min Mat Matter Collected 978 | 183 270 44 200 . 281 Remotely . | . . . . . . Salvage Created 1009 | . 359 44 . . 606 Parts 56 | . 14 5 . . 37 Haulers Intercepted . | . . . . . . Recyclers Shooed . | . . . . . . Parts Field Recycled . | . . . . . . Retrieved Matter . | . . . . . . Parts Self-Destructed . | . . . . . . Prevented . | . . . . . . Kills | -11 -10 -10 -10 -9 -8 ------- Run | Jun Mat Min Exi Min Mat Combat Hostiles Destroyed 17 | . 8 . . . 9 Guns 17 | . 8 . . . 9 Classes Destroyed 8 | . 2 1 . . 5 Worker 1 | . . . . . 1 Builder 1 | . . . . . 1 Tunneler 2 | . . 2 . . . Recycler 1 | . . . . . 1 Watcher 2 | . 1 . . . 1 Grunt 14 | . 8 . . . 6 Sentry 2 | . . . . . 2 Hunter 1 | . . . . . 1 Best Kill Streak 4 | . 2 2 . . 4 Combat Bots Only 4 | . 2 . . . 4 Max Kills in Single Turn 1 | . 1 1 . . 1 Gunslinging . | . . . . . . Exploded . | . . . . . . Melee . | . . . . . . Uniques/NPCs Destroyed . | . . . . . . Combat | -11 -10 -10 -10 -9 -8 -------- Run | Jun Mat Min Exi Min Mat Damage Taken 597 | . 386 . . . 211 Core 67 | . 36 . . . 31 Absorbed by Shields . | . . . . . . Regen/Repaired (Parts) 111 | . 111 . . . . Core Remaining (%) 92 | 100 . . . 85 . Volleys Fired 40 | . 36 4 . . . Largest 2 | . 2 2 . . . Hottest 40 | . 40 40 . . . Shots Fired 130 | . 71 8 . . 51 Gun 130 | . 71 8 . . 51 Cannon . | . . . . . . Launcher . | . . . . . . Special . | . . . . . . Kinetic 130 | . 71 8 . . 51 Thermal . | . . . . . . Explosive . | . . . . . . Electromagnetic . | . . . . . . Robot Hit Streak 12 | . 11 12 . . 8 Robot Miss Streak 2 | . 2 2 . . 2 Penetration Max . | . . . . . . Secondary Targets 1 | . 1 . . . . Max Gunslinging Chain 1 | . 1 . . . . Autonomous 51 | . . . . . 51 Shots Hit Robots 95 | . 54 4 . . 37 Core Hits 48 | . 25 2 . . 21 Critical Kills . | . . . . . . Critical Parts Destroyed 1 | . . . . . 1 Critical Strikes 1 | . . . . . 1 Destroy 1 | . . . . . 1 Melee Attacks . | . . . . . . Impact . | . . . . . . Slashing . | . . . . . . Piercing . | . . . . . . Sneak Attacks . | . . . . . . Combat Hostiles . | . . . . . . Follow-up Attacks . | . . . . . . Damage Inflicted 1922 | . 616 58 . . 1248 Guns 1849 | . 610 58 . . 1181 Cannons . | . . . . . . Explosions 67 | . . . . . 67 Melee . | . . . . . . Ramming 6 | . 6 . . . . Kinetic 1849 | . 610 58 . . 1181 Thermal 67 | . . . . . 67 Explosive . | . . . . . . Electromagnetic . | . . . . . . Impact . | . . . . . . Slashing . | . . . . . . Piercing . | . . . . . . Highest Corruption 1 | . 1 1 1 1 . Average Corruption 1 | . 1 1 1 1 . Corruption Purged . | . . . . . . Corruption Blocked . | . . . . . . Effects 19 | . 13 1 3 2 . Message Errors 2 | . 1 1 . . . Matter Fused 8 | . 6 . 1 1 . Heat Flow Errors 3 | . 2 . 1 . . Energy Discharges 1 | . 1 . . . . Parts Rejected 1 | . 1 . . . . Data Loss (minor) 3 | . 1 . 1 1 . Weapon Failures 1 | . 1 . . . . Overload Shots . | . . . . . . Overflow Damage . | . . . . . . Projectiles . | . . . . . . Explosions . | . . . . . . Melee . | . . . . . . Knockbacks . | . . . . . . Impact . | . . . . . . Kinetic . | . . . . . . Secondary . | . . . . . . Self-Inflicted Damage . | . . . . . . Shots . | . . . . . . Rammed 2 | . 2 . . . . Targets Rammed 2 | . 2 . . . . Kicked . | . . . . . . Crushed . | . . . . . . Highest Temperature 223 | . 157 . 223 . . Average Temperature 55 | . 35 . 113 . . Received Heat Transfer 318 | . 237 . . . 81 Siege Activations . | . . . . . . Robots Corrupted . | . . . . . . Combat Hostiles . | . . . . . . Parts Fried . | . . . . . . Impact Corruptions . | . . . . . . Robots Melted . | . . . . . . Combat Hostiles . | . . . . . . Parts Melted . | . . . . . . Heat Transferred 50 | . . . . . 50 Parts Sabotaged . | . . . . . . Parts Stolen . | . . . . . . Parts Stripped . | . . . . . . Power Chain Reactions . | . . . . . . Missiles Intercepted . | . . . . . . Alert | -11 -10 -10 -10 -9 -8 ------- Run | Jun Mat Min Exi Min Mat Peak Influence 386 | . 134 24 . . 386 Initial 14 | . . 14 . . . Average 67 | . 51 23 . . 176 Maximum Alert Level 1 | . . . . . 1 Low Security (%) 89 | 100 100 100 . 100 41 Level 1 10 | . . . . . 58 Level 2 . | . . . . . . Level 3 . | . . . . . . Level 4 . | . . . . . . Level 5 . | . . . . . . High Security . | . . . . . . Max Security . | . . . . . . Squads Dispatched 5 | . 1 . . . 4 Investigation 1 | . . . . . 1 Extermination . | . . . . . . Reinforcement 3 | . 1 . . . 2 Assault . | . . . . . . Garrison 1 | . . . . . 1 Intercept . | . . . . . . Searches Triggered . | . . . . . . Construction Impeded 1 | . . . . . 1 Haulers Reinforced . | . . . . . . Active Scanning Responses . | . . . . . . Cargo Convoy Interrupts . | . . . . . . Stealth | -11 -10 -10 -10 -9 -8 --------- Run | Jun Mat Min Exi Min Mat Distress Signals 3 | . 1 . . . 2 Communications Jammed . | . . . . . . Distress Signals . | . . . . . . Times Spotted 32 | . 18 . . . 14 Peak Tracking Total 8 | . 3 . . . 8 Tactical Retreats 1 | . 1 . . . . Traps | -11 -10 -10 -10 -9 -8 ------- Run | Jun Mat Min Exi Min Mat Traps Triggered 4 | . 3 . . . 1 Indirectly . | . . . . . . Trap Hack Attempts . | . . . . . . Triggered . | . . . . . . Disarmed 2 | . 2 . . . . Reprogrammed . | . . . . . . Reused . | . . . . . . Traps Extracted . | . . . . . . Installed . | . . . . . . Triggered . | . . . . . . Machines | -11 -10 -10 -10 -9 -8 ---------- Run | Jun Mat Min Exi Min Mat Machines Disabled 4 | . . . . . 4 Max in Single Turn 3 | . . . . . 3 Machines Repaired . | . . . . . . Machines Sabotaged . | . . . . . . Overloaded Fab Kills . | . . . . . . Hacking | -11 -10 -10 -10 -9 -8 --------- Run | Jun Mat Min Exi Min Mat Machines Accessed 14 | . 8 . 2 . 4 Terminals 8 | . 6 . . . 2 Fabricators . | . . . . . . Repair Stations 2 | . 1 . . . 1 Recycling Units 1 | . 1 . . . . Scanalyzers 1 | . . . . . 1 Garrison Access . | . . . . . . Total Hacks 54 | . 28 . 5 . 21 Successful 43 | . 22 . 5 . 16 Failed 11 | . 6 . . . 5 Catastrophic 1 | . . . . . 1 Database Lockouts . | . . . . . . Manual 12 | . 8 . 1 . 3 Terminals 28 | . 23 . . . 5 Fabricators . | . . . . . . Repair Stations 8 | . 4 . . . 4 Recycling Units 1 | . 1 . . . . Scanalyzers 12 | . . . . . 12 Garrison Access . | . . . . . . Terminal Hacks 19 | . 12 . 5 . 2 Record 8 | . 2 . 4 . 2 Prototype ID Bank 2 | . 2 . . . . Alert Level 1 | . 1 . . . . Disarm Traps 2 | . 2 . . . . Dispatch Records 1 | . 1 . . . . Transport Status 1 | . 1 . . . . Zone Layout 3 | . 3 . . . . EX-Prototype ID Bank 1 | . . . 1 . . Fabricator Hacks . | . . . . . . Repair Station Hacks 5 | . 4 . . . 1 Scan Component 3 | . 2 . . . 1 Repair 2 | . 2 . . . . Recycling Unit Hacks 1 | . 1 . . . . Retrieve Components 1 | . 1 . . . . Scanalyzer 12 | . . . . . 12 Insert Component 6 | . . . . . 6 Analyze 6 | . . . . . 6 Garrison Access Hacks . | . . . . . . Unauthorized Hacks 6 | . 5 . . . 1 Terminals 6 | . 5 . . . 1 Botnet 6 | . 5 . . . 1 Fabricators . | . . . . . . Repair Stations . | . . . . . . Recycling Units . | . . . . . . Scanalyzers . | . . . . . . Garrison Access . | . . . . . . Data Cores Recovered . | . . . . . . Used . | . . . . . . Hacking Detections 10 | . 7 . . . 3 Full Trace Events . | . . . . . . Feedback Events . | . . . . . . Feedback Blocked . | . . . . . . Robot Schematics Acquired . | . . . . . . Robots Built . | . . . . . . Authchips . | . . . . . . Time . | . . . . . . Total Robot Build Rating . | . . . . . . Part Schematics Acquired 6 | . . . . . 6 Parts Built . | . . . . . . Authchips . | . . . . . . Time . | . . . . . . Total Part Build Rating . | . . . . . . Parts Repaired 2 | . 2 . . . . Time 52 | . 52 . . . . Parts Recycled . | . . . . . . Recycled Matter . | . . . . . . Retrieved Matter . | . . . . . . Retrieved Components 2 | . 2 . . . . Parts Scanalyzed 6 | . . . . . 6 Part Schematics Acquired 6 | . . . . . 6 Parts Damaged . | . . . . . . Bothacking | -11 -10 -10 -10 -9 -8 ------------ Run | Jun Mat Min Exi Min Mat Used RIF Installer . | . . . . . . Robots Hacked . | . . . . . . Non-combat . | . . . . . . Combat . | . . . . . . Robot Hacks Applied . | . . . . . . Relay Couplers Released . | . . . . . . Fabnet Peak Effective % . | . . . . . . Robots Rewired . | . . . . . . Allies Hacked . | . . . . . . Hacks Repelled . | . . . . . . Allies | -11 -10 -10 -10 -9 -8 -------- Run | Jun Mat Min Exi Min Mat Total Allies . | . . . . . . Largest Group . | . . . . . . Highest-Rated Group . | . . . . . . Highest-Rated Ally . | . . . . . . Total Orders . | . . . . . . Ally Attacks . | . . . . . . Total Damage . | . . . . . . Kills . | . . . . . . Allies Corrupted . | . . . . . . Allies Melted . | . . . . . . Intel | -11 -10 -10 -10 -9 -8 ------- Run | Jun Mat Min Exi Min Mat Robot Analysis Total . | . . . . . . Derelict Logs Recovered . | . . . . . . Drone Launches . | . . . . . . Drone Recoveries . | . . . . . . Exploration | -11 -10 -10 -10 -9 -8 ------------- Run | Jun Mat Min Exi Min Mat Turns Passed 2527 | 71 1400 128 386 149 393 Spaces Moved 1470 | 49 724 79 269 101 248 Core 4 | 4 . . . . . Treads 487 | 19 468 . . . . Legs . | . . . . . . Wheels 979 | 26 256 79 269 101 248 Hover . | . . . . . . Flight . | . . . . . . Fastest Speed 50 | 50 80 140 140 140 145 Average Speed 146 | 108 152 140 140 140 150 Slowest Speed 160 | 160 160 140 140 140 155 Overloaded Moves . | . . . . . . Propulsion Burnouts . | . . . . . . Robots Hopped . | . . . . . . Cave-ins Triggered . | . . . . . . Exploration Rate (%) 40 | 4 94 26 61 34 22 Regions Visited 5 Branch Regions 3 Pre-discovered Areas 1 | . . . 1 . . Known Exits Taken . | . . . . . . Unknown Exits Taken 5 | 1 1 1 1 1 . Scrap Searched . | . . . . . . Spaces Dug . | . . . . . . Terrain Destroyed 42 | . . . . . 42 Melee . | . . . . . . Projectile 31 | . . . . . 31 AOE 11 | . . . . . 11 Terrain Rammed . | . . . . . . Walls Destroyed . | . . . . . . Machines Disabled . | . . . . . . Actions | -11 -10 -10 -10 -9 -8 --------- Run | Jun Mat Min Exi Min Mat Total 1764 | 66 954 89 280 109 266 Wait 161 | . 151 . . 9 1 Move 1465 | 48 723 78 268 100 248 Hop . | . . . . . . Pick Up 47 | 10 20 5 5 . 7 Fast Attach . | . . . . . . Attach 22 | 6 9 1 1 . 5 Detach 2 | . . . 2 . . Swap 12 | 2 6 . 1 . 3 Drop 13 | . 7 1 3 . 2 Fire 40 | . 36 4 . . . Melee . | . . . . . . Ram . | . . . . . . Kick . | . . . . . . Crush 2 | . 2 . . . . Escape Stasis . | . . . . . . Rewire . | . . . . . . Trap . | . . . . . . Miscellaneous . | . . . . . . Route ------- -11/Junkyard -10/Materials (discovered 4 exits: [*Mat x3] / [*Min]) -10/Mines -10/Exiles -9/Mines -8/Materials (discovered 1 exit: [*Sto]) History --------- Turn | Location | Event 31 | -11/Junkyard | Discovered new exit (range 15) 72 | -11/Junkyard | Entered Materials 301 | -10/Materials | Build established: Mutant 381 | -10/Materials | Discovered new exit (range 7) 854 | -10/Materials | Discovered new exit (range 9) 923 | -10/Materials | Discovered new exit (range 6) 1212 | -10/Materials | Repaired Assault Rifle 1240 | -10/Materials | Repaired Lgt. Ion Engine 1310 | -10/Materials | Discovered new exit (range 8) 1472 | -10/Materials | Entered Mines 1525 | -10/Mines | Found a damaged Exp. Sensor Array with a note attached 1530 | -10/Mines | Found Prototype Device 1531 | -10/Mines | Identified Exp. Sensor Array 1595 | -10/Mines | Deemed a non-threat by the Exiles lab entrance 1595 | -10/Mines | Discovered new exit (range 5) 1600 | -10/Mines | Entered Exiles 1635 | -10/Exiles | Met 8R-AWN 1660 | -10/Exiles | Met EX-HEX 1704 | -10/Exiles | Met EX-BIN 1720 | -10/Exiles | Aligned with FarCom system 1722 | -10/Exiles | Given EX-Vault access code 1760 | -10/Exiles | Opened EX-Vault 1769 | -10/Exiles | Found AWS/Gauss 1799 | -10/Exiles | Found PSU Rigger 1807 | -10/Exiles | Found Gui. Plasma Cannon 1836 | -10/Exiles | Warned to stay clear of 0b10 Research branches 1879 | -10/Exiles | Met EX-DEC 1890 | -10/Exiles | Learned location of Zion (-6) 1974 | -10/Exiles | Discovered new exit (range 10) 1986 | -10/Exiles | Stole three prototypes: AWS/Gauss, PSU Rigger, Gui. Plasma Cannon 1986 | -10/Exiles | Entered Mines 2128 | -9/Mines | Discovered new exit (range 4) 2135 | -9/Mines | Entered Materials 2135 | -8/Materials | Evolved 4 slots: Utility x3, Weapon x1 2136 | -8/Materials | Discovered new exit (range 16) 2471 | -8/Materials | Build established: Skirmisher 2523 | -8/Materials | Garrison activated, responded to threat 2528 | -8/Materials | Self-destructed Last Messages --------------- that units engage them at extreme range whenever possible. 02509_ Slug penetrates Wall. 02509_ G-47 Trooper destroyed. 02521_ Slug penetrates U-05 Engineer. 02521_ Slug penetrates L-31 Rogue. 02521_ ALERT: Construction progress impeded, dispatching reinforcements to local area. 02522_ U-05 Engineer destroyed. 02522_ U-05 Engineer builds a Wall. 02522_ K-01 Serf collects debris. 02523_ Slug penetrates L-31 Rogue. 02523_ L-31 Rogue calls for garrison reinforcements. 02523_ ALERT: Activating Garrison Access M001. 02523_ Slug penetrates Wall. 02523_ U-05 Engineer builds a Wall. 02524_ Slug penetrates Wall. 02527_ K-01 Serf destroyed. 02527_ U-05 Engineer lays Concrete. 02528_ Slug penetrates U-05 Engineer. 02528_ Slug penetrates L-31 Rogue. Map ----- +----------------------------------------------------+ | ?????????????????????????????????????????????????? | | ?????????????????????????????????????????????????? | | ?????????????????????????????????????????????????? | | ?????????????????????????????????????????????????? | | ?????????????????????????????????????????????????? | | ?????????????????????????????????????????????????? | | ?????????????????????????????????????????????????? | | ?????????????????????????????????????????????????? | | ??????????????????????? ???????????????????????? | | ??????????????????????# ???????????????????????? | | ??????????????????????# ???????????????????????? | | ??????????????????????#k ???????????????????????? | | ??????????????g?g?????# ???????????????????????? | | ??????????????#g####### #??????????????????????? | | ????????????? ??????????????????????? | | ????????????? a ??????????????????????? | | ?????????????? s ??????????????????????? | | ????????????w?? s [[ #####??????????????????? | | ???????????????? [/ ==#??????????????????? | | ????????????????""" ==#??????????????????? | | ??????????? ? ??""" !!#??????????????????? | | ?????????? """ !!#??????????????????? | | ?????????? ]]#??????????????????? | | ?????????? ]]#??????????????????? | | ?????????????????###### #####??????????????????? | | ??????????????????????# u@#??????????????????????? | | ????? ???????????????#=!=#??????????????????????? | | ????# ??????????????#u| #??????????????????????? | | ????# ??????????????#l! ;??????????????????????? | | ????# ??????????????; ##############?????????? | | ????# ?????????????## ; T #?????????? | | ????+ ??????????????# # """"" #?????????? | | ??# ??????????????#g # """"" #?????????? | | ] ?# #?????????????# # """"" ! #?????????? | | ?#"## ##?????######## + #?????????? | | ??#" ####### ##+###########?????????? | | ???# """ =% u #???????????????????? | | ???# < = "R" = #???????????????????? | | ???# %*% " " ";;+###+###?????????????????? | | #### = = * ; #?????????????????? | | ### % """ " """ #?????????????????? | | #?# ! """ #! """"" #?????????????????? | | #?# """ # """"" #?????????????????? | | #?# # """"" #?????????????????? | | #?# # """ #?????????????????? | | #?# """ """ # #?????????????????? | | ### """ """ # ?? [#?????????????????? | | ##+### """ """ ######????#?????????????????? | | #???????????????????????????? | | #???????????????????????????? | +----------------------------------------------------+ Best States ------------- Heat Dissipation 31 Energy Generation 14 Energy Capacity 160 Matter Stores 300 Matter Capacity 300 Sight Range 16 Robot Scan Range 20 Terrain Scan Density 10 Armor Coverage 150 Evasion (%) 44 Recoil Reduction 2 Offensive Hacking 10 Item Schematics ----------------- Wheel | -8/Materials | Scanalyzed Hcp. Matter Pod | -8/Materials | Scanalyzed Mining Laser | -8/Materials | Scanalyzed Aluminum Leg | -8/Materials | Scanalyzed Assault Rifle | -8/Materials | Scanalyzed Datajack | -8/Materials | Scanalyzed Robot Schematics ------------------ None Fabricated ------------ Nothing Alien Tech Used ----------------- None Achievements -------------- None Challenges ------------ None Game ------ Seed ForceWaveMegatreads Manual? 0 Play Time 00:14:56 Cumulative 74.5 hours Start 2023.04.04 @ 19:08:44 End 2023.04.04 @ 20:10:10 Sessions 3 Manual Loads 0 Difficulty Rogue Special Mode None Game No. 131 Rogue 131 Adventurer 0 Explorer 0 Win Type - Total 0 Types 0/0/0/0/0/0/0/0/0 Lore% 39 Gallery% 48 Achievement% 37 Wizard Run 0 Options --------- ASCII 0 Keyboard 0 Movement Numpad Keybinds 0 Fullscreen 1 Font 12/Tallcaps Map View 83x54 Tactical HUD 1 Map Filters NONE Filters NONE Steam 1 RUN: a605da71-e109-450b-b764-a4ae5eeffd74